 Dungeon Crawl Stone Soup version 0.31.0-9-g3a7656b989 (webtiles) character file.

Game seed: 9712439967107406682

25 nightchill the Covered (level 2, 26/26 HPs)
             Began as an Armataur Fighter on Jan 24, 2024.
             Quit the game on level 1 of the Dungeon.
             The game lasted 00:01:40 (1158 turns).

nightchill the Covered (Armataur Fighter)           Turns: 1158, Time: 00:01:40

Health: 26/26      AC:  6    Str: 21    XL:     2   Next: 86%
Magic:  2/2        EV:  7    Int:  8    God:
Gold:   105        SH:  4    Dex:  9    Spells: 1/1 levels left

rFire   . . .        a - +0 long sword
rCold   . . .        c - +0 buckler
rNeg    . . .        b - +0 scale mail
rPois   .            (no helmet)
rElec   .            (no cloak)
rCorr   .            (no gloves)
SInv    .            (no barding)
Will    .....        (no amulet) Stlth
                     (no ring)
HPRegen 0.24/turn    (no ring)
MPRegen 0.08/turn

%: roll
@: no status effects
A: large, deformed body, tough skin 3, armoured tail, roll 1
a: no special abilities


You were on level 1 of the Dungeon.
You visited 1 branch of the dungeon, and saw 2 of its levels.

You collected 105 gold pieces.

Inventory:

Hand Weapons
 a - a +0 long sword (weapon)
Armour
 b - a +0 scale mail (worn)
 c - a +0 buckler (worn)
Scrolls
 e - 3 scrolls of noise {unknown}
 f - a scroll of poison {unknown}
 g - a scroll of teleportation {unknown}
 j - 2 scrolls of fog {unknown}
 m - a scroll of identify {unknown}
Potions
 d - a potion of might
 h - a potion of cancellation {unknown}
 i - 2 potions of enlightenment {unknown}
 k - a potion of curing {unknown}
 l - a potion of heal wounds {unknown}
 n - a potion of brilliance {unknown}


   Skills:
 + Level 3.1 Fighting
 * Level 2.7 Long Blades
 - Level 3.6 Armour
 - Level 3.2 Shields


You had one spell level left.
You didn't know any spells.
Your spell library was empty.

Dungeon Overview and Level Annotations

Branches:
Dungeon (2/15)

Altars:

Shops:
D:1 !


Innate Abilities, Weirdness & Mutations

Armour fits poorly on your strangely shaped body.
You have extremely tough skin. (AC +3)
You have a long armoured tail.
You regenerate magic when rolling toward enemies. (Rampage MPRegen)


Message History

The bat is heavily wounded.
The bat hits you but does no damage.
You hit the bat but do no damage.
The bat is heavily wounded.
You block the bat's attack.
You hit the bat.
You kill the bat!
No target in view!
No target in view!
You now have 105 gold pieces (gained 9).
Key pressed, stopping explore.
There is a stone staircase leading down here.
You see here 7 stones.
Could not explore, unopened door.
No target in view!
No target in view!
No target in view!
You open the door.
There is an open door here.
A bat comes into view.
The bat closely misses you.
A bat is nearby!
You completely miss the bat. You block the bat's attack. The bat hits you.
You closely miss the bat. The bat closely misses you.
The bat hits you but does no damage. x2
You closely miss the bat. The bat barely misses you.
The bat hits you but does no damage.
You barely miss the bat. The bat hits you but does no damage.
You block the bat's attack.
You barely miss the bat. The bat barely misses you. The bat hits you. x2
You hit the bat.
You kill the bat!
No target in view!
HP restored.
Done exploring.
Done exploring.
Done exploring.
Done exploring.
No target in view!
Are you sure you want to abandon this character and quit the game? (Confirm with "yes".)

### #.# #.# #########†#
#........@# #.#######.#
########.#######.#
.....^.........#.#
########.......#.#
.....#.#######.#.#
................>####
.......#.......#....#
####.#.#.#####.#.##.#######


There were no monsters in sight!

Vanquished Creatures
  A dart slug (D:1)
  4 endoplasms (D:1)
  A giant cockroach (D:1)
  A goblin (D:1)
  A hobgoblin (D:2)
  3 jackals (D:1)
  A kobold (D:1)
  A quokka (D:2)
  7 bats (D:1)
  A rat (D:1)
21 creatures vanquished.

Notes
Turn   | Place    | Note
-------+----------+-------------------------------------------
     0 | D:1      | nightchill the Armataur Fighter began the quest for the
                  | Orb.
     0 | D:1      | Reached XP level 1. HP: 18/18 MP: 1/1
    67 | D:1      | Found Mypunetz's Distillery.
   170 | D:1      | Reached XP level 2. HP: 23/25 MP: 2/2
   689 | D:1      | You fall into a shaft and drop 1 floor!
  1158 | D:1      | Quit the game

Illustrated notes

Levels and vault maps discovered:
D:1:      giann_bridges, layout_basic, serial_shops, shop
D:2:      layout_basic, minmay_ruptured, uniq_jessica

Skill      XL: |  1  2 |
---------------+-------+-----
Long Blades    | 2 |  2.7
Fighting       | 3 |  3.1
Armour         | |  3.6
Shields        | |  3.2

Action                     || total
---------------------------++-------
  Melee: Long sword        ||    64
         Tailslap          ||     3
 Armour: Scale mail        ||    66
  Dodge: Dodged            ||    22
  Block: Buckler           ||    14
